 Dungeon Crawl Stone Soup version 0.20-a0-876-g2c7b0bf (webtiles) character file.

37 4thArraOfDagon the Poker (level 3, -1/28 HPs)
             Began as a Demigod Wanderer on Mar 15, 2017.
             Slain by a hobgoblin
             ... wielding a +0 club
              (4 damage)
             ... on level 3 of the Dungeon.
             The game lasted 00:01:58 (821 turns).

4thArraOfDagon the Poker (Demigod Wanderer)          Turns: 821, Time: 00:01:58

Health: -1/28      AC:  2    Str: 12 (14) XL:     3   Next: 7%
Magic:  5/5        EV: 12    Int: 19 (20) God:
Gold:   31         SH:  0    Dex: 13 (14) Spells: 2/2 levels left

rFire    + . .     SeeInvis .   p - +1 flail (crush)
rCold    + . .     Gourm    .   e - +0 robe
rNeg     . . .     Faith    .   (no shield)
rPois    +         Spirit   .   (no helmet)
rElec    +         Reflect  .   (no cloak)
rCorr    +         Harm     .   (no gloves)
MR       .....                  (no boots)
Stlth    ++........             (no amulet)
Regen    0.1/turn               (no ring)
MPRegen  0.1/turn               (no ring)

@: resistant, flying
A: high mp 1
a: no special abilities


You were on level 3 of the Dungeon.
You were not hungry.

You visited 1 branch of the dungeon, and saw 3 of its levels.

You collected 31 gold pieces.

Inventory:

Hand Weapons
 b - a +2 blowgun
 c - a +0 short sword
 d - a +0 spear
 p - a +1 flail of crushing (weapon)
Missiles
 a - 3 curare-tipped needles
Armour
 e - a +0 robe (worn)
Scrolls
 g - a scroll of magic mapping {unknown}
 h - 2 scrolls of enchant armour {unknown}
 j - 3 scrolls of identify {unknown}
 l - a scroll of amnesia {unknown}
Potions
 k - a potion of flight
Comestibles
 f - 2 bread rations
 m - a royal jelly
 o - a fruit


   Skills:
 - Level 1.0 Fighting
 * Level 4.6 Polearms
 - Level 1.7 Throwing
 - Level 1.7 Dodging
 - Level 1.0 Stealth


You had 2 spell levels left.
You didn't know any spells.

Dungeon Overview and Level Annotations

Branches:
Dungeon (3/15)


Innate Abilities, Weirdness & Mutations

You have an increased reservoir of magic. (+10% MP)


Message History

There is an open door here.
You reach down and open the door.
A goblin and 3 hobgoblins come into view.
Unknown command.
You reach down and close the door.
A hobgoblin opens the door.
The goblin shouts!
The hobgoblin shouts!
There is an open door here.
Wield which item (- for none, * to show all)? (? for menu, Esc to quit)
Okay, then.
Wield which item (- for none, * to show all)? (? for menu, Esc to quit)
p - a +1 flail of crushing (weapon)
A goblin comes into view.
A hobgoblin opens the door.
Unknown command.
The hobgoblin shouts!
You hit the hobgoblin.
The hobgoblin is heavily wounded.
The hobgoblin hits you but does no damage.
The hobgoblin hits you with a club.
You die...

#. #...# #.
###...# ## #.
##.....## ..#
#.## #[)###..#
#.# #..###)##
##.###.#
#.#...# #...#.#
#...###
+####...#
#..##g#...#
##..#
#..@gg'.gg'
#..#
##.##.#...#
##..# #..###
+####...# ##...
#.....# ##.#
##....## ## ..#
#...#####8.
#.....#..####..
########.#.#>..
#...##..


You could see 3 hobgoblins and 2 goblins.

Vanquished Creatures
  A gnoll (D:1)
  An ooze (D:3)
  3 orcs (D:3)
  A ball python (D:2)
  A giant cockroach (D:3)
  3 goblins (D:1)
  3 jackals (D:2)
  A bat (D:1)
  5 kobolds (D:1)
  A rat (D:2)
20 creatures vanquished.

Notes
Turn   | Place    | Note
-------+----------+-------------------------------------------
     0 | D:1      | 4thArraOfDagon the Demigod Wanderer began the quest for the Orb.
     0 | D:1      | 4thArraOfDagon set off with: 4 curare-tipped needles, a +2 blowgun, a +0 short sword, a +0 spear, a +0 robe, a bread ration
     0 | D:1      | Reached XP level 1. HP: 16/16 MP: 3/3
    20 | D:1      | Reached skill level 4 in Polearms
    27 | D:1      | Reached XP level 2. HP: 23/23 MP: 4/4
   701 | D:3      | Found a deep blue altar of Sif Muna.
   787 | D:3      | Reached XP level 3. HP: 9/28 MP: 5/5
   798 | D:3      | HP: 1/28 [orc/hand axe (3)]
   821 | D:3      | Slain by a hobgoblin

Vault maps used:
D:1:      scummos_arrival_checkerplants
D:2:      uniq_terence
D:3:      cheibrodos_greedy_goblins, nicolae_overflow_hidden_temple,
          led_sif_pool, uniq_natasha

Skill      XL: |  1 |
---------------+----+-----
Polearms       | 4 |  4.6
Fighting       | |  1.0
Throwing       | |  1.7
Dodging        | |  1.7
Stealth        | |  1.0

Action                   || total
-------------------------++-------
Melee: Spear             ||    66
       Short sword       ||     1
       Flail             ||     1
 Fire: Blowgun           ||     5
  Use: Potion            ||     3
 Stab: Sleeping          ||     1
Armor: Robe              ||     6
Dodge: Dodged            ||    34
